 Dungeon Crawl Stone Soup version bcrawl-1.28.1b (webtiles) character file.

Game seed: 16230215839127464401

408578 Morbidden the Cleaver (level 11, -26/67 HPs)
             Began as a Skeleton Fighter on Dec 17, 2020.
             Was an Elder of Vehumet.
             Shot with a bolt by a yaktaur (33 damage)
             ... on level 11 of the Dungeon.
             The game lasted 00:26:08 (11067 turns).

Morbidden the Cleaver (Skeleton Fighter)           Turns: 11067, Time: 00:26:09

Health: -26/67     AC:  7    Str: 19 (22) XL:     11   Next: 97%
Magic:  0/22       EV: 11    Int: 14 (16) God:    Vehumet [****..]
Gold:   849        SH: 15    Dex:  8      Spells: 19/25 levels left

rFire    . . .     SeeInvis +   a - +1 war axe
rCold    + . .     Gourm    .   c - +1 medium shield
rNeg     + + +     Faith    .   v - +0 troll leather armour
rPois    ∞         Spirit   +   (no helmet)
rElec    .         Reflect  +   (no cloak)
rCorr    .         Harm     .   e - +0 pair of gloves
MR       +....                  r - +0 pair of boots
Stlth    +.........             k - +3 amulet of reflection
HPRegen  0.61/turn              w - +5 ring of intelligence
MPRegen  0.18/turn              t - ring of see invisible

@: no status effects
A: no food or potions, cold resistance 1, deterioration 1, negative energy
resistance 3, powered by death 1, torment resistance, unbreathing, magic shield,
sturdy frame 2, spell healing
a: Renounce Religion


You were on level 11 of the Dungeon.
You worshipped Vehumet.
Vehumet was greatly pleased with you.
You were not hungry.

You visited 1 branch of the dungeon, and saw 11 of its levels.

You collected 849 gold pieces.

Inventory:

Hand Weapons
 a - a +1 war axe (weapon)
 b - a +0 hunting sling
 q - a +2 flail of protection
Missiles
 j - 190 poisoned tomahawks (quivered)
 n - 1784 stones
 p - 774 sling bullets
Armour
 c - a +1 medium shield (worn)
 e - a +0 pair of gloves (worn)
 r - a +0 pair of boots (worn)
 v - a +0 troll leather armour (worn)
Jewellery
 g - an uncursed ring of flight
 k - a +3 amulet of reflection (around neck)
 t - a ring of see invisible (right hand)
 w - a +5 ring of intelligence (left hand)
 x - an uncursed ring of stealth
 y - an uncursed ring of resist corrosion
Wands
 l - a wand of iceblast (6)
 s - a wand of acid (14)
 u - a wand of disintegration (12)
 z - a wand of polymorph (16)
Scrolls
 d - 15 scrolls of identify
 f - 8 scrolls of remove curse
 h - 4 scrolls of amnesia
 i - a scroll of enchant armour
 m - a scroll of teleportation
 o - 3 scrolls of enchant weapon


   Skills:
 * Level 7.4 Fighting
 * Level 11.9 Axes
 + Level 4.1(4.3) Slings
 + Level 1.4(2.4) Throwing
 + Level 5.5 Armour
 * Level 6.3 Dodging
 + Level 0.6 Stealth
 * Level 10.1 Shields
 * Level 7.9 Spellcasting
 * Level 6.9 Conjurations
 * Level 5.8 Summonings
 + Level 0.2 Evocations


You had 19 spell levels left.
You knew the following spells:

 Your Spells              Type           Power        Failure   Level  Hunger
a - Searing Ray           Conj           ####....     1%          2    N/A
b - Call Canine Familiar  Summ           ###.....     19%         3    N/A
c - Sting                 Conj/Pois      ###.         4%          1    N/A

Your spell library contained the following spells:

 Spells                   Type           Power        Failure   Level  Hunger
 Lightning Bolt           Conj/Air       ###.......   73%         5    N/A
 Magic Dart               Conj           ####         1%          1    N/A
 Summon Small Mammal      Summ           ###.         6%          1    N/A
 Call Imp                 Summ           ###...       10%         2    N/A
 Conjure Flame            Conj/Fire      ###.....     13%         3    N/A
 Mephitic Cloud           Conj/Pois/Air  ##......     22%         3    N/A
 Infusion                 Chrm           #.......     58%         1    N/A
 Blink                    Tloc           N/A          73%         2    N/A
 Song of Slaying          Chrm           #.......     73%         2    N/A
 Ozocubu's Armour         Chrm/Ice       #.......     91%         3    N/A
 Spectral Weapon          Hex/Chrm       #.......     91%         3    N/A
 Summon Ice Beast         Ice/Summ       ##......     91%         4    N/A
 Summon Lightning Spire   Summ/Air       ##......     99%         5    N/A
 Regeneration             Chrm/Necr      Unusable     N/A         3    N/A
 Spider Form              Tmut/Pois      Unusable     N/A         3    N/A

Dungeon Overview and Level Annotations

Branches:
Dungeon (11/12)            Temple (0/1) D:4            Lair (0/6) D:9
    Orc (0/1) D:10
 Vaults: D:11-12

Altars:
Cheibriados
Dithmenos
Gozag
Nemelex Xobeh
Qazlal
Ru
Trog
Vehumet
Wu Jian
Xom
Zin
The Shining One

Annotations:
D:3 1 runed door, yrara's ghost, amateur DsFi
D:9 exclusion: obsidian statue
D:10 2 runed translucent doors, Tutankhamun's ghost, novice TrMA
D:11 Jorgrun


Innate Abilities, Weirdness & Mutations

You do not eat or drink.
You are immune to poison.
Your flesh is cold resistant. (rC+)
Your body sometimes deteriorates upon taking damage.
You are immune to negative energy. (rN+++)
You regenerate a little health from kills.
You are immune to unholy pain and torment.
You can survive without breathing.
When hurt, damage is shared between your health and your magic reserves.
Your movements are less encumbered by armour. (ER -4)
Casting spells heals you.


Message History

Found a stone staircase leading down.
The yaktaur shouts!
The yaktaur shoots a bolt.
The bolt closely misses you.
The yaktaur wields a +0 arbalest.
The yaktaur shoots a bolt.
You reflect the bolt off an invisible shield around you!
The bolt hits the soldier ant!!
The yaktaur shoots a bolt.
You reflect the bolt off an invisible shield around you!
The bolt hits the yaktaur!!
You block the yaktaur's attack.
The soldier ant stings you but does no damage.
The yaktaur wields a +0 arbalest.
The yaktaur shoots a bolt.
You reflect the bolt off an invisible shield around you!
The bolt hits the yaktaur!!
Your hound bites the yaktaur.
The yaktaur shoots a bolt.
The bolt hits you!!
The yaktaur shoots a bolt.
The bolt hits you!!
* * * LOW HITPOINT WARNING * * *
Your body deteriorates!
You feel dopey.
Your hound bites the yaktaur.
The yaktaur shoots a bolt.
The bolt hits you!!
You die...

##.# #..#
#######...# #.#
..E#####.........##
..EE..............##
.....#####.........#
.....# ##.....(..$##
.....#
#...........##
.....#
#............##
.....#
#......a@.....#
.)..##
##.............#
....#
#<.............#
....#
#...cc.......#.#
>...# #...hc......##
# %...#
#......>...## ...##
#.........## ...#
#.......### ..##
##....###


You could see 3 yaktaurs, a soldier ant and a friendly hound.

Vanquished Creatures
  2 two-headed ogres
  2 tengu warriors (D:11)
  Nergalle (D:9)
  An unseen horror (D:10)
  A wolf spider zombie (D:7)
  A manticore (D:11)
  Maurice (D:11)
  A gargoyle (D:8)
  3 trolls
  A harpy skeleton (D:10)
  A hippogriff (D:9)
  A shadow (D:9)
  Sigmund (D:3)
  A human (D:7)
  5 yaks (D:8)
  4 hogs (D:7)
  2 water moccasins
  7 orc warriors
  An ice beast (D:5)
  6 sky beasts
  3 phantoms
  A wolf (D:9)
  7 ogres
  A black bear (D:4)
  6 big kobolds (D:10)
  5 bullfrogs
  4 gnoll sergeants
  4 scorpions
  8 wights
  4 electric eels (D:9)
  A howler monkey (D:5)
  7 crimson imps
  A quasit (D:9)
  7 centaur skeletons
  6 orc priests
  8 hounds
  2 jellies
  A bullfrog skeleton (D:8)
  4 iguanas
  13 orc wizards
  11 worker ants
  A killer bee zombie (D:5)
  A hound zombie (D:10)
  A hound skeleton (D:6)
  9 adders
  11 gnolls
  A howler monkey skeleton (D:5)
  3 shadow imps
  2 oozes
  2 adder skeletons (D:4)
  4 worms
  A dart slug (D:3)
  5 leopard geckos
  35 orcs
  3 giant cockroaches
  4 goblins
  8 hobgoblins
  16 jackals
  7 quokkas
  A ball python (D:3)
  6 bats
  2 frilled lizards
  9 kobolds
  9 rats
288 creatures vanquished.

Vanquished Creatures (collateral kills)
  3 yaks (D:10)
  An ogre (D:10)
  A hound (D:9)
  An adder (D:11)
6 creatures vanquished.

Vanquished Creatures (others)
  A gnoll (D:5)
  An orc (D:6)
2 creatures vanquished.

Grand Total: 296 creatures vanquished

Notes
Turn   | Place    | Note
-------+----------+-------------------------------------------
     0 | D:1      | Morbidden the Skeleton Fighter began the quest for the Orb.
     0 | D:1      | Reached XP level 1. HP: 14/14 MP: 1/1
   202 | D:1      | Reached XP level 2. HP: 17/19 MP: 2/2
   345 | D:1      | Reached skill level 1 in Spellcasting
  1061 | D:2      | Reached XP level 3. HP: 14/23 MP: 2/4
  1175 | D:2      | Found a sacrificial altar of Ru.
  1184 | D:2      | Found a glowing silver altar of Zin.
  1195 | D:2      | Found a radiant altar of Vehumet.
  1204 | D:2      | Found a shadowy altar of Dithmenos.
  1212 | D:2      | Became a worshipper of Vehumet
  1521 | D:2      | Reached skill level 3 in Axes
  1828 | D:3      | Reached XP level 4. HP: 28/28 MP: 6/6
  1995 | D:3      | Reached * piety under Vehumet
  1995 | D:3      | Offered knowledge of Freeze by Vehumet.
  2312 | D:3      | Found a shadowy altar of Dithmenos.
  2412 | D:3      | Reached XP level 5. HP: 26/33 MP: 6/8
  2534 | D:3      | Found a runed door.
  2621 | D:3      | Noticed Sigmund
  2712 | D:3      | Reached skill level 1 in Slings
  2750 | D:3      | Killed Sigmund
  2751 | D:3      | Reached skill level 4 in Axes
  2751 | D:3      | Gained mutation: You regenerate a little health from kills.
                  | [Skeleton growth]
  2751 | D:3      | Reached XP level 6. HP: 37/38 MP: 8/10
  2865 | D:3      | Found a runed translucent door.
  2869 | D:3      | Noticed yrara's ghost (amateur DsFi)
  3099 | D:4      | Found a glowing golden altar of the Shining One.
  3131 | D:4      | Reached skill level 1 in Dodging
  3136 | D:4      | Reached ** piety under Vehumet
  3136 | D:4      | Offered knowledge of Sting by Vehumet.
  3139 | D:4      | Reached skill level 5 in Axes
  3149 | D:4      | Learned a level 1 spell: Sting
  3228 | D:4      | Reached skill level 1 in Conjurations
  3249 | D:4      | Reached XP level 7. HP: 43/43 MP: 10/12
  3474 | D:4      | Reached skill level 6 in Axes
  3543 | D:4      | Reached skill level 5 in Shields
  3630 | D:4      | Learned a level 3 spell: Call Canine Familiar
  3756 | D:4      | Found a staircase to the Ecumenical Temple.
  3775 | D:4      | Reached XP level 8. HP: 48/48 MP: 14/14
  3994 | D:5      | Entered Level 5 of the Dungeon
  4086 | D:5      | Offered knowledge of Searing Ray by Vehumet.
  4090 | D:5      | Learned a level 2 spell: Searing Ray
  4128 | D:5      | Reached skill level 1 in Summonings
  4366 | D:5      | Reached skill level 7 in Axes
  4456 | D:5      | Found an ornate altar of the Wu Jian Council.
  4458 | D:5      | Found a stormy altar of Qazlal.
  4458 | D:5      | Found a snail-covered altar of Cheibriados.
  4466 | D:5      | Found a shimmering altar of Xom.
  4654 | D:5      | Reached *** piety under Vehumet
  4655 | D:5      | Reached skill level 5 in Fighting
  4853 | D:5      | Reached skill level 5 in Spellcasting
  4914 | D:5      | Reached XP level 9. HP: 54/54 MP: 16/16
  5081 | D:6      | Offered knowledge of Conjure Flame by Vehumet.
  5388 | D:6      | Reached skill level 8 in Axes
  5419 | D:6      | Found a sparkling altar of Nemelex Xobeh.
  5503 | D:6      | Reached **** piety under Vehumet
  6525 | D:7      | Reached skill level 5 in Armour
  6689 | D:7      | Found a bloodstained altar of Trog.
  6702 | D:7      | Reached skill level 9 in Axes
  6733 | D:7      | Offered knowledge of Throw Icicle by Vehumet.
  6920 | D:7      | Gained mutation: Your movements are less encumbered by
                  | armour. (ER -4) [Skeleton growth]
  6920 | D:7      | Reached XP level 10. HP: 50/60 MP: 19/19
  6968 | D:7      | Reached skill level 5 in Conjurations
  7403 | D:8      | Reached skill level 10 in Axes
  7755 | D:8      | Reached ***** piety under Vehumet
  7794 | D:8      | Offered knowledge of Lightning Bolt by Vehumet.
  7819 | D:8      | Noticed a gargoyle
  7821 | D:8      | Killed a gargoyle
  8250 | D:9      | Noticed a two-headed ogre
  8277 | D:8      | Killed a two-headed ogre
  8413 | D:9      | Reached XP level 11. HP: 62/66 MP: 16/21
  8597 | D:9      | Found an opulent altar of Gozag.
  8611 | D:9      | Found a staircase to the Lair.
  8726 | D:9      | Reached skill level 1 in Throwing
  8726 | D:9      | Reached skill level 5 in Dodging
  8789 | D:9      | Noticed an obsidian statue
  8801 | D:9      | Noticed Nergalle
  8817 | D:9      | Killed Nergalle
  8869 | D:9      | Noticed a sun demon
  9236 | D:10     | Entered Level 10 of the Dungeon
  9240 | D:10     | Found a runed translucent door.
  9350 | D:10     | Reached skill level 11 in Axes
  9376 | D:10     | Noticed Tutankhamun's ghost (novice TrMA)
  9377 | D:10     | Noticed a lich
  9377 | D:10     | Noticed a necromancer
  9378 | D:10     | Noticed a frost giant
  9379 | D:10     | Noticed an ettin
  9426 | D:10     | Noticed an unseen horror
  9443 | D:10     | Killed an unseen horror
  9551 | D:10     | Noticed a two-headed ogre
  9566 | D:10     | Killed a two-headed ogre
  9567 | D:10     | Reached skill level 5 in Summonings
 10013 | D:10     | Found a staircase to the Orcish Mines.
 10144 | D:10     | Found a runed translucent door.
 10148 | D:10     | Noticed a skeletal warrior
 10152 | D:10     | Noticed a skeletal warrior
 10832 | D:11     | Noticed a tengu warrior
 10832 | D:11     | Noticed a tengu warrior
 10865 | D:11     | Killed a tengu warrior
 10879 | D:11     | Killed a tengu warrior
 10880 | D:11     | Reached skill level 10 in Shields
 10959 | D:11     | Noticed Maurice
 10968 | D:11     | Killed Maurice
 10971 | D:11     | Noticed Jorgrun
 11067 | D:11     | Shot with a bolt by a yaktaur

Skill      XL: |  1  2  3  4  5  6  7  8  9 10 11 |
---------------+----------------------------------+-----
Spellcasting   | 1 2 3 4 5 6 7 |  7.9
Armour         | 4 5 |  5.5
Axes           | 3 4 5 6 7 9 10 11 | 11.9
Shields        | 4 5 6 7 8 10 | 10.1
Slings         | 2 3 4 |  4.1
Fighting       | 4 5 6 7 |  7.4
Dodging        | 1 2 4 6 |  6.3
Conjurations   | 1 2 3 4 6 |  6.9
Summonings     | 1 3 4 5 |  5.8
Throwing       | 1 |  1.4
Stealth        | |  0.6
Evocations     | |  0.2

Action                   |  1- 3 |  4- 6 |  7- 9 | 10-12 || total
-------------------------+-------+-------+-------+-------++-------
Melee: War axe           |   148 |   162 |   514 |   394 ||  1218
 Fire: Hunting sling     |     2 |    76 |    88 |    10 ||   176
Throw: Tomahawk          |       |     9 |     9 |    42 ||    60
 Cast: Searing Ray       |       |       |       |    34 ||    34
       Sting             |       |       |       |     1 ||     1
       Call Canine Famil |       |       |       |    11 ||    11
Evoke: Wand              |       |       |     2 |    13 ||    15
  Use: Scroll            |       |     2 |     6 |     7 ||    15
Armor: Scale mail        |    57 |       |       |       ||    57
       Chain mail        |    21 |   105 |   226 |    49 ||   401
       Troll leather arm |       |       |       |    57 ||    57
Dodge: Dodged            |    37 |    39 |   107 |   160 ||   343
Block: Medium shield     |    82 |   151 |   375 |   382 ||   990
       Reflection        |     1 |     2 |     4 |    13 ||    20
